 Dungeon Crawl Stone Soup version 0.30.0-10-gfe55d96785 (webtiles) character file.

Game seed: 12466858875812137075

160 qw the Chopper (level 5, -23/33 HPs)
             Began as a Gargoyle Cinder Acolyte on May 15, 2023.
             Was a High Priest of Ignis.
             Annihilated by an ogre
             ... wielding a +0 giant club
              (27 damage)
             ... on level 4 of the Dungeon.
             The game lasted 00:01:31 (2550 turns).

qw the Chopper (Gargoyle Cinder Acolyte)            Turns: 2550, Time: 00:01:31

Health: -23/33     AC: 16    Str: 20      XL:     5   Next: 41%
Magic:  6/6        EV: 10    Int: 14      God:    Ignis [*****.]
Gold:   227        SH:  0    Dex:  4 (5)  Spells: 6/6 levels left

rFire   + . .        Y - -1 hand axe (flame)
rCold   . . .        (no shield)
rNeg    + . .        e - +0 ring mail
rPois   inf          (no helmet)
rElec   +            (no cloak)
rCorr   .            (no gloves)
SInv    +            (no boots)
Will    .....        (no amulet) Stlth
                     g - ring of see invisible
HPRegen 0.25/turn    (no ring)
MPRegen 0.10/turn

%: no passive effects
@: fiery-armoured, flying
A: sickness immunity, AC +4, negative energy resistance 1, electricity
resistance, torment resistance 1, petrification resistance, big wings, talons 1
a: Renounce Religion, Fiery Armour, Foxfire Swarm, Rising Flame


You were on level 4 of the Dungeon.
You worshipped Ignis.
Ignis was extremely pleased with you.
You visited 1 branch of the dungeon, and saw 4 of its levels.

You collected 227 gold pieces.


Innate Abilities, Weirdness & Mutations

You are immune to sickness and miasma.
Your stone body is resilient. (AC +4)
You are immune to poison.
You resist negative energy. (rN+)
You are resistant to electric shocks. (rElec)
You are resistant to unholy torment.
You are immune to petrification.
Your large and strong wings let you fly.
You have sharp toenails.


   Skills:
 + Level 3.8 Fighting
 - Level 5.0 Axes
 - Level 1.1 Armour
 - Level 1.0 Spellcasting
 - Level 3.0 Fire Magic


You had 6 spell levels left.
You didn't know any spells.
Your spell library contained the following spells:

 Spells                   Type           Power      Damage    Failure   Level
 Scorch                   Fire           18%        2d5       19%         2

Inventory:

Hand Weapons
 Y - a -1 hand axe of flaming (weapon)
Armour
 e - a +0 ring mail (worn)
Jewellery
 g - a ring of see invisible (left hand)
Scrolls
 a - a scroll of identify
 h - a scroll of poison {unknown}
Potions
 c - a potion of cancellation {unknown}
 d - a potion of mutation
 f - 3 potions of curing
 k - a potion of brilliance {unknown}

Dungeon Overview and Level Annotations

Branches:
Dungeon (4/15)
 Temple: D:4-7

Altars:
Ashenzari


Message History

2506 ||| DRINKING 4 smoky brown potions.
It was a potion of curing.
You feel better.
Done exploring.
(D) Dungeon
Where to? (* - list waypoints, Enter - D:3, ? - help)
What level of the Dungeon? (default 1, ? - help)
There is a stone staircase leading down here.
You fly downwards.
Found a whip and a scroll labelled MEHUISH UTRIV.
There is a stone staircase leading up here.
Waypoint 3 assigned to D:4.
Found a stone staircase leading up.
h - a scroll labelled MEHUISH UTRIV A hobgoblin comes into view.
The hobgoblin shouts!
An ogre comes into view. It is wielding a +0 giant club.
2537 ||| Stepping ~*~*~tactically~*~*~ (stealth).
The ogre shouts!
You hit the hobgoblin. You burn the hobgoblin.
You kill the hobgoblin!
You barely miss the ogre. Your kick misses the ogre.
The ogre hits you but does no damage.
You barely miss the ogre. You claw the ogre, but do no damage.
You hit the ogre but do no damage. The ogre hits you with a +0 giant club!
You hit the ogre. You burn the ogre.
The ogre is lightly wounded.
The ogre hits you with a +0 giant club!
Ouch! That really hurt!
2548 ||| DRINKING potion of heal wounds.
You feel much better.
You hit the ogre. You burn the ogre.
The ogre is moderately wounded.
The ogre hits you with a +0 giant club!!
Ouch! That really hurt!
2550 ||| INVOKING Fiery Armour.
A protective cloak of flame settles atop you.
The ogre hits you with a +0 giant club!!
Ouch! That really hurt!
You die...

## . #.. .. #...######
... ##........# ....
.......<..# .....
#.........####+#...#..
#.........).....<.....
#............@O..##..O
##...............#
#...#####.......# ####
#.......# #.......#
#####+#.# .# ##


You could see an ogre.

Vanquished Creatures
  4 gnolls (D:3)
  5 adders
  5 worms (D:2)
  A dart slug (D:3)
  2 bats
  5 endoplasms
  A giant cockroach (D:2)
  6 goblins
  14 hobgoblins
  2 quokkas
  4 ball pythons
  2 frilled lizards
  5 kobolds
  7 rats
63 creatures vanquished.

Notes
Turn   | Place    | Note
-------+----------+-------------------------------------------
     0 | D:1      | qw the Gargoyle Cinder Acolyte began the quest for the Orb.
     0 | D:1      | Reached XP level 1. HP: 14/14 MP: 2/2
     0 | D:1      | 0 ||| qw: Version: 0.2-a-94-g6f95ed7
     0 | D:1      | 0 ||| qw: Game counter: 27
     0 | D:1      | 0 ||| qw: Always use a shield: true
     0 | D:1      | 0 ||| qw: God list: Okawaru
     0 | D:1      | 0 ||| qw: Allow faded altars: false
     0 | D:1      | 0 ||| qw: Do Orc after D:15 true
     0 | D:1      | 0 ||| qw: Do second Lair branch before Depths: true
     0 | D:1      | 0 ||| qw: Lair rune preference: random
     0 | D:1      | 0 ||| qw: Plans: Normal
     0 | D:1      | 0 ||| PLANNING D:1-11
    35 | D:1      | 35 ||| Stepping ~*~*~tactically~*~*~ (stealth).
   259 | D:1      | Reached skill level 3 in Axes
   361 | D:1      | Reached XP level 2. HP: 19/19 MP: 3/3
   425 | D:1      | 425 ||| Stepping ~*~*~tactically~*~*~ (hiding).
   429 | D:1      | 429 ||| Stepping ~*~*~tactically~*~*~ (hiding).
   778 | D:1      | 778 ||| UPGRADING to +0 ring mail.
   788 | D:1      | 788 ||| DROPPING +0 robe.
   789 | D:1      | 789 ||| READING 2 scrolls labelled ZIUZ NAMPOD.
   790 | D:1      | 790 ||| READING scroll labelled XAPIUSCHE HAT WOOS.
   791 | D:1      | 791 ||| READING scroll labelled GOWAS OWNO.
   825 | D:2      | 825 ||| INVOKING Fiery Armour.
   831 | D:2      | Reached XP level 3. HP: 11/23 MP: 4/4
   916 | D:2      | 916 ||| Stepping ~*~*~tactically~*~*~ (hiding).
   919 | D:2      | 919 ||| Stepping ~*~*~tactically~*~*~ (hiding).
   970 | D:2      | Reached skill level 4 in Axes
  1239 | D:2      | Reached skill level 1 in Armour
  1375 | D:2      | Reached XP level 4. HP: 28/28 MP: 5/5
  1672 | D:2      | 1672 ||| DRINKING 2 lumpy brown potions.
  1672 | D:2      | Gained mutation: You have sharp toenails. [potion of
                  | mutation]
  1672 | D:2      | Gained mutation: Your large and strong wings let you fly.
                  | [potion of mutation]
  1673 | D:2      | 1673 ||| DRINKING 3 fizzy clear potions.
  1674 | D:2      | 1674 ||| READING 2 scrolls of identify.
  1674 | D:2      | 1674 ||| IDENTIFYING murky cyan potion
  1675 | D:2      | 1675 ||| DROPPING 2 potions of degeneration.
  1765 | D:3      | Found a broken altar of Ashenzari.
  1767 | D:3      | 1767 ||| Stepping ~*~*~tactically~*~*~ (stealth).
  1806 | D:3      | 1806 ||| Stepping ~*~*~tactically~*~*~ (stealth).
  1807 | D:3      | 1807 ||| Stepping ~*~*~tactically~*~*~ (stealth).
  1814 | D:3      | 1814 ||| Stepping ~*~*~tactically~*~*~ (stealth).
  1956 | D:3      | 1956 ||| Stepping ~*~*~tactically~*~*~ (stealth).
  1960 | D:3      | 1960 ||| Stepping ~*~*~tactically~*~*~ (stealth).
  1961 | D:3      | 1961 ||| Stepping ~*~*~tactically~*~*~ (stealth).
  2047 | D:3      | 2047 ||| Stepping ~*~*~tactically~*~*~ (stealth).
  2049 | D:3      | 2049 ||| Stepping ~*~*~tactically~*~*~ (hiding).
  2069 | D:3      | 2069 ||| Stepping ~*~*~tactically~*~*~ (stealth).
  2080 | D:3      | 2080 ||| Stepping ~*~*~tactically~*~*~ (stealth).
  2191 | D:3      | Found a faded altar of an unknown god.
  2199 | D:3      | Reached XP level 5. HP: 32/32 MP: 6/6
  2239 | D:3      | 2239 ||| Stepping ~*~*~tactically~*~*~ (hiding).
  2241 | D:3      | 2241 ||| INVOKING Fiery Armour.
  2245 | D:3      | Reached skill level 5 in Axes
  2247 | D:3      | HP: 8/32 [gnoll/+0 halberd (3)]
  2248 | D:3      | 2248 ||| DRINKING 2 potions of heal wounds.
  2381 | D:3      | 2381 ||| UPGRADING to ring of see invisible.
  2382 | D:3      | 2382 ||| READING scroll labelled FOEQIL PUJUV.
  2404 | D:3      | 2404 ||| READING scroll labelled NOITEV HURUWAU.
  2405 | D:3      | 2405 ||| READING scroll labelled ULEOPL UGHEMAI.
  2506 | D:3      | 2506 ||| DRINKING 4 smoky brown potions.
  2536 | D:4      | Noticed an ogre
  2537 | D:4      | 2537 ||| Stepping ~*~*~tactically~*~*~ (stealth).
  2547 | D:4      | HP: 7/33 [ogre/+0 giant club (17)]
  2548 | D:4      | 2548 ||| DRINKING potion of heal wounds.
  2550 | D:4      | 2550 ||| INVOKING Fiery Armour.
  2550 | D:4      | Annihilated by an ogre

Levels and vault maps discovered:
D:1:      nicolae_arrival_somewhat_less_tricky_arrival, layout_basic
D:2:      layout_basic, columned_hall_lemuel
D:3:      layout_loops_cross, evilmike_ruin_ashenzari,
          ebering_ecumenical_altar_sacrificial
D:4:      layout_basic, fedhas_altar_fruit_tree, lemuel_temple_firewalk_b,
          uniq_grinder

Skill      XL: |  1  2  3  4  5 |
---------------+----------------+-----
Axes           | 3 4 5 |  5.0
Armour         | 1 |  1.1
Fighting       | |  3.8
Spellcasting   | |  1.0
Fire Magic     | |  3.0

Action                     |  1- 3 |  4- 6 || total
---------------------------+-------+-------++-------
  Melee: Hand axe          |   147 |    95 ||   242
         Kick              |       |     9 ||     9
 Invoke: Fiery Armour      |     1 |     2 ||     3
    Use: Scroll            |     3 |     4 ||     7
         Potion            |       |     5 ||     5
 Armour: Robe              |    29 |       ||    29
         Ring mail         |    20 |    43 ||    63
  Dodge: Dodged            |    61 |    46 ||   107

Table legend:
 A = Non-vault XP
 B = Vault XP
 C = Vault XP percentage of total XP
 D = Non-vault monster count
 E = Vault monster count
 F = Vault count percentage of total count
                 A         B        C        D         E       F
            +---------+---------+-------+---------+---------+-------
      Total |     229 |       0 |   0.0 |      63 |       0 |   0.0
            +---------+---------+-------+---------+---------+-------
        D:1 |      30 |       0 |   0.0 |      18 |       0 |   0.0
        D:2 |      78 |       0 |   0.0 |      22 |       0 |   0.0
        D:3 |     119 |       0 |   0.0 |      22 |       0 |   0.0
        D:4 |       2 |       0 |   0.0 |       1 |       0 |   0.0
            +---------+---------+-------+---------+---------+-------
